 Dungeon Crawl Stone Soup version 0.31.0-9-g3a7656b989 (webtiles) character file.

Game seed: 4076322440676314955

57 qw the Shooter (level 3, 0/20 HPs)
             Began as a Deep Elf Hunter on Feb 2, 2024.
             Slain by a quokka (3 damage)
             ... on level 2 of the Dungeon.
             The game lasted 00:00:03 (1028 turns).

qw the Shooter (Deep Elf Hunter)                    Turns: 1028, Time: 00:00:04

Health: 0/20       AC:  5    Str: 10    XL:     3   Next: 73%
Magic:  5/5        EV: 11    Int: 13    God:
Gold:   52         SH:  0    Dex: 18    Spells: 2/2 levels left

rFire   . . .        a - +0 shortbow
rCold   . . .        (shield currently unavailable)
rNeg    . . .        g - +0 ring mail
rPois   .            (no helmet)
rElec   .            (no cloak)
rCorr   .            (no gloves)
SInv    .            (no boots)
Will    .....        (no amulet)
Stlth   +            (no ring)
HPRegen 0.23/turn    (no ring)
MPRegen 0.09/turn

%: no passive effects
@: lethally poisoned (0 -> -3), about to teleport
A: no striking features
a: no special abilities


You were on level 2 of the Dungeon.
You visited 1 branch of the dungeon, and saw 2 of its levels.

You collected 52 gold pieces.


   Skills:
 - Level 1.5 Fighting
 + Level 7.2 Ranged Weapons
 - Level 2.4 Dodging
 - Level 1.2 Stealth


You had 2 spell levels left.
You didn't know any spells.
Your spell library was empty.

Inventory:

Hand Weapons
 a - a +0 shortbow (weapon)
Armour
 g - a +0 ring mail (worn)
Scrolls
 c - a scroll of silence {unknown}
 i - a scroll of vulnerability {unknown}
Potions
 b - a potion of curing {unknown}
 d - a potion of enlightenment {unknown}
 e - a potion of lignification {unknown}
 h - a potion of resistance {unknown}

Dungeon Overview and Level Annotations

Branches:
Dungeon (2/15)

Altars:


Message History

You shoot an arrow. The arrow hits the adder.
You kill the adder!
The adder barely misses you. x2
You shoot an arrow. The arrow closely misses the adder.
The adder barely misses you. The quokka barely misses you. The adder bites you.
You are poisoned.
The adder poisons you!
The quokka bites you but does no damage.
You shoot an arrow. The arrow hits the adder.
The adder is severely wounded.
You feel sick. The adder bites you but does no damage.
The quokka bites you but does no damage.
You shoot an arrow. The arrow barely misses the adder.
You feel sick. The adder closely misses you.
The quokka bites you but does no damage.
The adder completely misses you.
You shoot an arrow.
The arrow hits the adder but does no damage.
The adder is severely wounded.
You feel sick. The quokka bites you. The adder barely misses you.
The quokka closely misses you. The adder closely misses you.
You shoot an arrow. The arrow misses the adder.
You feel sick.
You are no longer poisoned.
The quokka closely misses you. The adder bites you.
The quokka bites you but does no damage.
You shoot an arrow. The arrow closely misses the adder.
The adder bites you.
The quokka bites you but does no damage.
The adder barely misses you.
You shoot an arrow. The arrow closely misses the adder.
The adder bites you. The quokka barely misses you.
The quokka closely misses you. The adder bites you.
You are lethally poisoned!
The adder poisons you!
1028 ||| READING scroll of teleportation.
As you read the scroll of teleportation, it crumbles to dust.
You feel strangely unstable.
You feel sick. The adder bites you but does no damage. The quokka bites you.
You die...

. ........ # .......# #
......)# # ......# #
.....# # #K...# #
#rS..# #
#@...#############
#####....#.......##...
..........+.......##...
.....#....#(.....(##...
.....###'##........#...
..........########.....
..........# ##....
..........# ##...
#######.## #.#.


You could see an adder, a quokka and a kobold.

Vanquished Creatures
  A gnoll (D:1)
  An adder (D:2)
  A dart slug (D:1)
  A ribbon worm (D:2)
  4 endoplasms
  3 giant cockroaches
  4 goblins (D:1)
  2 hobgoblins (D:1)
  2 quokkas
  A ball python (D:1)
  3 bats
  5 frilled lizards
  2 kobolds
  5 rats
35 creatures vanquished.

Notes
Turn   | Place    | Note
-------+----------+-------------------------------------------
     0 | D:1      | qw the Deep Elf Hunter began the quest for the Orb.
     0 | D:1      | Reached XP level 1. HP: 12/12 MP: 3/3
     0 | D:1      | 0 ||| qw: Version: 0.3-a-155-g5e7d8dd
     0 | D:1      | 0 ||| qw: Game counter: 805
     0 | D:1      | 0 ||| qw: Melee chars always use a shield: true
     0 | D:1      | 0 ||| qw: God list: Okawaru
     0 | D:1      | 0 ||| qw: Allow faded altars: false
     0 | D:1      | 0 ||| qw: Do Orc after clearing Dungeon:15 true
     0 | D:1      | 0 ||| qw: Do second Lair branch before Depths: true
     0 | D:1      | 0 ||| qw: Lair rune preference: random
     0 | D:1      | 0 ||| qw: Goals: Normal
     0 | D:1      | 0 ||| PLANNING D:1-11
   144 | D:1      | Reached skill level 6 in Ranged Weapons
   144 | D:1      | Reached XP level 2. HP: 16/16 MP: 4/4
   313 | D:1      | Reached XP level 3. HP: 20/20 MP: 5/5
   497 | D:1      | Found a faded altar of an unknown god.
   641 | D:1      | 641 ||| UPGRADING to +0 ring mail.
   651 | D:1      | 651 ||| DROPPING +0 leather armour.
   652 | D:1      | 652 ||| READING scroll labelled AZEIXT CIECZO.
   653 | D:1      | 653 ||| READING 2 scrolls labelled SUNIJU PIMUTT.
   658 | D:1      | 658 ||| READING scroll labelled XINOWI BUYSMI.
   659 | D:1      | 659 ||| DROPPING scroll of butterflies.
   759 | D:2      | Identified the +9 spear of Corr {heavy, Dex+6}
   838 | D:2      | Reached skill level 7 in Ranged Weapons
  1027 | D:2      | HP: 4/20 [adder (2)]
  1028 | D:2      | 1028 ||| READING scroll of teleportation.
  1028 | D:2      | Slain by a quokka

Levels and vault maps discovered:
D:1:      minmay_arrival_cross, layout_basic,
          hellmonk_ecumenical_altar_pennies_from_heaven
D:2:      layout_basic

Skill      XL: |  1  2  3 |
---------------+----------+-----
Ranged Weapons | 6 7 |  7.2
Fighting       | |  1.5
Dodging        | |  2.4
Stealth        | |  1.2

Action                     || total
---------------------------++-------
   Fire: Shortbow          ||   105
    Use: Scroll            ||     4
 Armour: Leather armour    ||    14
         Ring mail         ||    19
  Dodge: Dodged            ||    27

Table legend:
 A = Non-vault XP
 B = Vault XP
 C = Vault XP percentage of total XP
 D = Non-vault monster count
 E = Vault monster count
 F = Vault count percentage of total count
                 A         B        C        D         E       F
            +---------+---------+-------+---------+---------+-------
      Total |      82 |       0 |   0.0 |      35 |       0 |   0.0
            +---------+---------+-------+---------+---------+-------
        D:1 |      53 |       0 |   0.0 |      25 |       0 |   0.0
        D:2 |      29 |       0 |   0.0 |      10 |       0 |   0.0
            +---------+---------+-------+---------+---------+-------
